 Dungeon Crawl Stone Soup version 0.21-a0-641-geef9d7f (webtiles) character file.

175 shenanigans the Skirmisher (level 5, 0/41 HPs)
             Began as a Barachi Skald on Dec 30, 2017.
             Slain by a hippogriff (4 damage)
             ... on level 3 of the Dungeon.
             The game lasted 00:06:25 (2742 turns).

shenanigans the Skirmisher (Barachi Skald)          Turns: 2742, Time: 00:06:26

Health: 0/41       AC:  7    Str: 13    XL:     5   Next: 55%
Magic:  9/9        EV: 10    Int:  8    God:
Gold:   137        SH:  0    Dex: 11    Spells: 9/10 levels left

rFire    . . .     SeeInvis .   a - +0 hand axe
rCold    . . .     Gourm    +   (no shield)
rNeg     . . .     Faith    .   u - +0 scale mail
rPois    .         Spirit   .   s - +0 helmet
rElec    .         Reflect  .   (no cloak)
rCorr    .         Harm     .   (no gloves)
MR       .....                  (no boots)
Stlth    ..........             i - amulet of the gourmand
HPRegen  0.13/turn              g - -6 ring of intelligence (curse)
MPRegen  0.11/turn              j - ring of flight

@: can't hop, slow
A: +LOS, swims, slowness 1, strong legs 1
a: Hop, Evoke Flight


You were on level 3 of the Dungeon.
You were not hungry.

You visited 1 branch of the dungeon, and saw 3 of its levels.

You collected 137 gold pieces.

Inventory:

Hand Weapons
 a - a +0 hand axe (weapon)
Armour
 b - a +0 leather armour
 e - a +0 ring mail
 s - a +0 helmet (worn)
 u - a +0 scale mail (worn)
Jewellery
 g - a cursed -6 ring of intelligence (left hand)
 i - an amulet of the gourmand (around neck)
 j - a ring of flight (right hand)
Wands
 r - a wand of flame (5)
Scrolls
 f - 3 scrolls of identify {unknown}
 h - a scroll of fear {unknown}
 k - a scroll of enchant weapon {unknown}
 q - 2 scrolls of teleportation {unknown}
 t - a scroll of magic mapping {unknown}
 v - 2 scrolls of fog {unknown}
Potions
 l - a potion of haste {unknown}
 m - 3 potions of curing {unknown}
 n - a potion of lignification {unknown}
 o - a potion of might {unknown}
 p - a potion of ambrosia {unknown}
Books
 c - a book of Battle

   Spells                             Type                      Level
   a - Infusion                       Charms                       1
   b - Shroud of Golubria             Charms/Translocation         2
   c - Song of Slaying                Charms                       2
   d - Spectral Weapon                Hexes/Charms                 3
   e - Regeneration                   Charms/Necromancy            3
Comestibles
 d - 4 rations


   Skills:
 + Level 3.6 Fighting
 + Level 3.3 Axes
 + Level 2.9 Armour
 + Level 3.3 Dodging
 + Level 3.1 Spellcasting
 - Level 3.2 Charms


You had 9 spell levels left.
You knew the following spells:

 Your Spells              Type           Power        Failure   Level  Hunger
a - Infusion              Chrm           #...         36%         1    ##.....


Dungeon Overview and Level Annotations

Branches:
Dungeon (3/15)

Altars:


Innate Abilities, Weirdness & Mutations

Shadows flee at your approach. (+LOS)
You can swim through water.
You cover ground slowly.
You can hop short distances.


Message History

Press: ? - help, Shift-Dir - straight line, f/p - hippogriff
Aim: a hippogriff (heavily wounded)
The puff of flame misses the hippogriff.
Aiming: Throw Flame
Press: ? - help, Shift-Dir - straight line, f/p - hippogriff
Aim: a hippogriff (heavily wounded)
The puff of flame hits the hippogriff.
The hippogriff is severely wounded.
Aiming: Throw Flame
Press: ? - help, Shift-Dir - straight line, f/p - hippogriff
Aim: a hippogriff (severely wounded)
The puff of flame hits the hippogriff.
The hippogriff is almost dead.
Okay, then.
You hit the hippogriff but do no damage.
The hippogriff is almost dead.
The hippogriff bites you.
* * * LOW HITPOINT WARNING * * *
The hippogriff pecks you.
You die...

.#..########
........#.$....###
................#
...............#
...............#
#.............#
#.............#
####............# #.
#.........H@....#
#..###...##......<...#
........††...........#
.......####..........#
...%....# #..........#
........# #..........#
........# ##.)......##
......H## ##......##
........ .......###


You could see a hippogriff.

Vanquished Creatures
  A bullfrog (D:2)
  3 adders (D:2)
  2 worms (D:2)
  4 dart slugs
  A leopard gecko (D:1)
  3 orcs (D:2)
  2 giant cockroaches
  8 goblins
  9 hobgoblins
  10 jackals (D:1)
  11 bats
  4 frilled lizards
  6 kobolds
  6 rats
70 creatures vanquished.

Notes
Turn   | Place    | Note
-------+----------+-------------------------------------------
     0 | D:1      | shenanigans the Barachi Skald began the quest for the Orb.
     0 | D:1      | Reached XP level 1. HP: 17/17 MP: 3/3
    94 | D:1      | Reached XP level 2. HP: 15/23 MP: 1/5
   465 | D:1      | Reached XP level 3. HP: 24/28 MP: 1/6
  1279 | D:2      | Reached XP level 4. HP: 31/35 MP: 8/8
  2292 | D:2      | Noticed a bullfrog
  2300 | D:2      | Killed a bullfrog
  2300 | D:2      | Reached XP level 5. HP: 27/41 MP: 9/9
  2720 | D:3      | Noticed a hippogriff
  2742 | D:3      | Slain by a hippogriff

Vault maps used:
D:1:      saegor_arrival_simple_c, minmay_pentomino_s4
D:2:      serial_bayou_lake_a

Skill      XL: |  1  2  3  4 |
---------------+-------------+-----
Armour         | 2 |  2.9
Fighting       | 3 |  3.6
Dodging        | 3 |  3.3
Axes           | 3 |  3.3
Spellcasting   | 3 |  3.1
Charms         | |  3.2

Action                   |  1- 3 |  4- 6 || total
-------------------------+-------+-------++-------
Melee: Hand axe          |   135 |   116 ||   251
 Cast: Infusion          |     6 |     3 ||     9
 Abil: Hop               |     1 |     2 ||     3
Evoke: Wand              |       |    13 ||    13
  Eat: Chunk             |     2 |     6 ||     8
Armor: Leather armour    |     3 |       ||     3
       Ring mail         |    59 |    13 ||    72
       Scale mail        |       |    40 ||    40
Dodge: Dodged            |   122 |    81 ||   203

Table legend:
 A = Spawn XP
 B = Non-spawn XP
 C = Spawn XP percentage of total XP
 D = Spawn monster count
 E = Non-spawn monster count
 F = Spawn count percentage of total count
 G = Total turns spent on level
                    A         B        C        D         E        F      G
               +---------+---------+-------+---------+---------+-------+---------
         Total |       0 |     250 |   0.0 |       0 |      70 |   0.0 |  2742
               +---------+---------+-------+---------+---------+-------+---------
           D:1 |       0 |      68 |   0.0 |       0 |      37 |   0.0 |  1068
           D:2 |       0 |     175 |   0.0 |       0 |      30 |   0.0 |  1607
           D:3 |       0 |       7 |   0.0 |       0 |       3 |   0.0 |    67
               +---------+---------+-------+---------+---------+-------+---------
